 Dungeon Sprint DCSS version 0.20-b1-18-gaa2fd62 (webtiles) character file.

501 potatolord6000 the Covert (level 7, -1/50 HPs)
             Began as a Kobold Hunter on May 24, 2017.
             Was an Initiate of Gozag.
             Slain by a two-headed ogre
             ... wielding a +0 giant club
              (15 damage)
             ... in the Dungeon (Sprint IX: "|||||||||||||||||||||||||||||").
             The game lasted 00:07:03 (590 turns).

potatolord6000 the Covert (Kobold Hunter)            Turns: 590, Time: 00:07:03

Health: -1/50      AC: 10    Str: 13    XL:     7   Next: 40%
Magic:  2/7        EV: 19    Int: 12    God:    Gozag
Gold:   405        SH:  0    Dex: 17    Spells: 6/6 levels left

rFire    . . .     SeeInvis .   n - +2 rapier (drain)
rCold    . . .     Gourm    .   (shield restricted)
rNeg     . . .     Faith    .   o - +2 ring mail
rPois    .         Spirit   .   (no helmet)
rElec    .         Reflect  .   (no cloak)
rCorr    .         Harm     .   (no gloves)
MR       .....     NoTele   +   b - +0 pair of boots
Stlth    ++++......             (no amulet)
Regen    0.2/turn               p - +3 ring of strength
MPRegen  0.1/turn               c - +2 ring of protection

@: gold aura
A: carnivore 3
a: Potion Petition, Call Merchant, Bribe Branch, Renounce Religion


You were in the Dungeon.
You worshipped Gozag.
Gozag was aware of your devotion.
You were not hungry.

You visited 1 branch You collected 405 gold pieces.

Inventory:

Hand Weapons
 a - a +1 hand crossbow
 n - a +2 rapier of draining (weapon)
Armour
 b - a +0 pair of boots (worn)
 o - a +2 ring mail (worn)
Jewellery
 c - a +2 ring of protection (right hand)
 p - a +3 ring of strength (left hand)
Scrolls
 k - 2 scrolls of blinking
 l - 3 scrolls of remove curse
 m - 2 scrolls of amnesia
Potions
 e - a potion of invisibility
 g - a potion of heal wounds
 h - 4 potions of curing
 i - 4 potions of magic
Comestibles
 f - a meat ration


   Skills:
 + Level 8.4 Fighting
 + Level 10.1 Crossbows
 + Level 9.2 Dodging
 + Level 10.6 Stealth


You had 6 spell levels left.
You didn't know any spells.

Dungeon Overview and Level Annotations

Branches:
Dungeon (1/1)

Altars:
Cheibriados
Dithmenos
Elyvilon
Fedhas
Gozag
Hepliaklqana
Kikubaaqudgha
Makhleb
Nemelex Xobeh
Okawaru
Qazlal
Ru
Sif Muna
Trog
Uskayaw
Vehumet
Xom
Yredelemnul
Zin
The Shining One
Beogh
Jiyva
Lugonu


Innate Abilities, Weirdness & Mutations

You are small and have problems with some larger weapons.
You are carnivorous and can eat meat at any time.


Message History

The two-headed ogre is heavily wounded.
The two-headed ogre misses you. x2
You puncture the two-headed ogre!
The two-headed ogre is severely wounded.
The two-headed ogre misses you.
The two-headed ogre hits you with a giant club.
You hit the two-headed ogre.
The two-headed ogre is severely wounded.
The two-headed ogre is distracted by the nearby gold.
You barely miss the two-headed ogre.
The two-headed ogre is no longer distracted by gold.
The two-headed ogre shouts in stereo!
The two-headed ogre is severely wounded.
The ogre is no longer distracted by gold.
The two-headed ogre hits you with a giant club!!
Ouch! That really hurt!
* * * LOW HITPOINT WARNING * * *
The two-headed ogre hits you with a giant club!
You die...
Your body crumbles into a pile of gold. $$$$$ $ $ $ $$$$$ $ ▓▓▓▓▓▓▓▓▓▓▓▓▓▓▓▓▓▓▓▓▓▓▓▓ '../).[[..')....@O5O.... ▓▓▓▓▓▓▓▓▓▓▓▓▓▓▓▓▓▓▓▓▓▓▓▓

You could see a two-headed ogre, an ogre and a crimson imp.

Vanquished Creatures
  3 ice beasts (D)
  An eye of draining (D)
  A crimson imp (D)
  An orc wizard (D)
  A hound (D)
  An iguana (D)
  A shadow imp (D)
  An adder zombie (D)
  2 leopard geckos (D)
  A bat (D)
  2 giant cockroaches (D)
  A goblin (D)
  A hobgoblin (D)
  A jackal (D)
  A quokka (D)
19 creatures vanquished.

Notes
Turn   | Place    | Note
-------+----------+-------------------------------------------
     0 | D        | potatolord6000 the Kobold Hunter began the quest for the Orb.
     0 | D        | Reached XP level 1. HP: 12/12 MP: 1/1
     8 | D        | Reached skill level 5 in Crossbows
    35 | D        | Reached XP level 2. HP: 9/19 MP: 2/2
   196 | D        | Noticed a crimson imp
   244 | D        | Found a roughly hewn altar of Beogh.
   244 | D        | Found a snail-covered altar of Cheibriados.
   244 | D        | Found a shadowy altar of Dithmenos.
   244 | D        | Found a white marble altar of Elyvilon.
   244 | D        | Found a blossoming altar of Fedhas.
   244 | D        | Found an opulent altar of Gozag.
   245 | D        | Found a hazy altar of Hepliaklqana.
   255 | D        | Killed a crimson imp
   255 | D        | Reached skill level 5 in Stealth
   255 | D        | Reached XP level 3. HP: 24/24 MP: 3/3
   255 | D        | Reached XP level 4. HP: 30/30 MP: 4/4
   275 | D        | Found a viscous altar of Jiyva.
   276 | D        | Found an ancient bone altar of Kikubaaqudgha.
   278 | D        | Found a corrupted altar of Lugonu.
   279 | D        | Found a burning altar of Makhleb.
   280 | D        | Found a sparkling altar of Nemelex Xobeh.
   281 | D        | Found an iron altar of Okawaru.
   282 | D        | Found a stormy altar of Qazlal.
   284 | D        | Found a sacrificial altar of Ru.
   287 | D        | Became a worshipper of Gozag Ym Sagoz the Greedy
   290 | D        | Found a deep blue altar of Sif Muna.
   291 | D        | Found a bloodstained altar of Trog.
   292 | D        | Found a hide-covered altar of Uskayaw.
   293 | D        | Found a radiant altar of Vehumet.
   295 | D        | Found a shimmering altar of Xom.
   296 | D        | Found a basalt altar of Yredelemnul.
   297 | D        | Found a glowing silver altar of Zin.
   298 | D        | Found a glowing golden altar of the Shining One.
   345 | D        | Noticed an ice beast
   352 | D        | Reached skill level 5 in Dodging
   353 | D        | Reached skill level 5 in Fighting
   356 | D        | Reached XP level 5. HP: 35/35 MP: 5/5
   364 | D        | Killed an ice beast
   364 | D        | Reached XP level 6. HP: 26/42 MP: 6/6
   563 | D        | Noticed an eye of draining
   563 | D        | Noticed an ice beast
   563 | D        | Noticed an ice beast
   563 | D        | Noticed a two-headed ogre
   563 | D        | Noticed an ogre
   573 | D        | Killed an eye of draining
   576 | D        | Killed an ice beast
   576 | D        | Reached skill level 10 in Stealth
   576 | D        | Reached XP level 7. HP: 49/49 MP: 0/7
   583 | D        | Reached skill level 10 in Crossbows
   590 | D        | Slain by a two-headed ogre

Skill      XL: |  1  2  3  4  5  6  7 |
---------------+----------------------+-----
Crossbows      | 5 6 7 8 9 10 | 10.1
Stealth        | 3 5 6 8 10 | 10.6
Dodging        | 3 4 6 7 8 9 |  9.2
Fighting       | 3 4 5 6 8 |  8.4

Action                   |  1- 3 |  4- 6 |  7- 9 || total
-------------------------+-------+-------+-------++-------
Melee: Short sword       |    69 |       |       ||    69
       Rapier            |       |    21 |     4 ||    25
 Fire: Hand crossbow     |     9 |    13 |     8 ||    30
  Use: Potion            |     3 |     1 |     1 ||     5
Armor: Leather armour    |    13 |       |       ||    13
       Ring mail         |       |     3 |     2 ||     5
Dodge: Dodged            |    59 |    25 |     7 ||    91
